[Event "Team 45 45 League T55"]
[Site "Internet Chess Club"]
[Date "2012.12.14"]
[Round "5"]
[White "g8wrb"]
[Black "nidusin2"]
[Result "0-1"]
[WhiteElo "1335"]
[BlackElo "1625"]
[Opening "Nimzo-Indian: classical, 4...c5"]
[ECO "E38"]
[Time "08:00:44"]
[TimeControl "2700+45"]

1. d4 Nf6 2. c4 e6 3. Nc3 Bb4 4. Qc2 c5 5. dxc5 Bxc5 6. Nf3 Nc6 7. Bg5 Be7 8.
O-O-O Ng4 9. Be3 Nxe3 10. fxe3 Qb6 11. e4 O-O 12. Kb1 d6 13. h4 Rd8 14. g3 Bd7
15. h5 h6 16. g4 Ne5 17. Qc1 Nxc4 18. Rd4 Bg5 19. Nxg5 Qxd4 20. Nf3 Qe3 21. Qc2
Ne5 22. Nd1 Qf4 23. Nxe5 dxe5 24. Rg1 Rac8 25. e3 Rxc2 26. exf4 Rdc8 27. Nc3 Rf2
28. g5 hxg5 29. fxg5 Rh2 30. h6 gxh6 31. gxh6+ Kh7 32. Rg7+ Kxh6 33. Rxf7 Bc6
34. Rf6+ Kg7 35. Rxe6 Rh1 36. Rxe5 Rxf1+ 37. Kc2 Kf6 38. Rc5 Rg8 39. e5+ Ke6
{White resigns} 0-1

[Event "Team 45 45 League T55"]
[Site "Internet Chess Club"]
[Date "2012.12.15"]
[Round "5"]
[White "monkeyshark"]
[Black "AtomicDog"]
[Result "1-0"]
[WhiteElo "1552"]
[BlackElo "1333"]
[Opening "Sicilian: Canal-Sokolsky attack, 3...Bd7"]
[ECO "B52"]
[Time "13:01:17"]
[TimeControl "2700+45"]

1. e4 c5 2. Nf3 d6 3. Bb5+ Bd7 4. Bxd7+ Nxd7 5. O-O Ngf6 6. Re1 Qc7 7. c3 e6 8.
d4 cxd4 9. cxd4 Be7 10. Nc3 a6 11. e5 dxe5 12. dxe5 Ng8 13. Bf4 Nh6 14. Bxh6
gxh6 15. Rc1 Qd8 16. Ne4 O-O 17. Qd2 Nb6 18. Qxh6 Kh8 19. Nf6 Bxf6 20. exf6 Qd3
21. Qg7# {Black checkmated} 1-0

[Event "Team 45 45 League T55"]
[Site "Internet Chess Club"]
[Date "2012.12.15"]
[Round "5"]
[White "otherook"]
[Black "LazyPeon"]
[Result "1/2-1/2"]
[WhiteElo "1771"]
[BlackElo "1762"]
[Opening "English opening"]
[ECO "A20"]
[Time "14:00:52"]
[TimeControl "2700+45"]

1. c4 e5 2. g3 Nf6 3. Bg2 d5 4. cxd5 Nxd5 5. Nc3 Nb6 6. Nf3 Nc6 7. O-O Be7 8. d3
O-O 9. Be3 Be6 10. Rc1 f6 11. a3 a5 12. Bxb6 cxb6 13. Nb5 Bc5 14. Nd2 f5 15. Nb3
Qe7 16. Nxc5 bxc5 17. Qc2 Nd4 18. Nxd4 cxd4 19. Qc7 Qxc7 20. Rxc7 Rac8 21. Rfc1
Rxc7 22. Rxc7 Rc8 23. Rxc8+ Bxc8 24. f4 Kf7 25. Kf2 Ke6 26. e4 h6 27. exf5+ Kd6
28. fxe5+ Kxe5 29. Be4 b6 30. Kf3 Bxf5 31. Bxf5 Kxf5 32. g4+ Ke5 33. h4 a4 34.
h5 b5 35. Kg3 g5 36. hxg6 Kf6 37. Kf4 Kxg6 38. Ke4 Kg5 39. Kxd4 Kxg4 40. Kc5 h5
41. d4 h4 42. d5 h3 43. d6 h2 44. d7 h1=Q 45. d8=Q Qc1+ 46. Kxb5 Qxb2+ 47. Kxa4
Kf5 48. Qd5+ Kf6 49. Qd6+ Kf7 50. Ka5 Ke8 51. Ka6 Qb3 52. Ka7 Qa4+ 53. Kb7 Qb5+
54. Kc8 Qf5+ 55. Kc7 Qa5+ 56. Kb7 Qb5+ 57. Ka7 Qa5+ 58. Kb7 Qb5+ {Game drawn by
repetition} 1/2-1/2

[Event "Team 45 45 League T55"]
[Site "Internet Chess Club"]
[Date "2012.12.16"]
[Round "5"]
[White "pauliewoll"]
[Black "crazyhorses"]
[Result "0-1"]
[WhiteElo "1537"]
[BlackElo "1430"]
[Opening "Sicilian: closed"]
[ECO "B25"]
[Time "11:01:20"]
[TimeControl "2700+45"]

1. e4 c5 2. Nc3 Nc6 3. g3 d6 4. Bg2 g6 5. d3 Bg7 6. Nge2 Bd7 7. O-O Nf6 8. f4 h5
9. Qe1 h4 10. gxh4 Qb6 11. Kh1 Nb4 12. Qd1 Rxh4 13. Bf3 Ng4 14. Bxg4 Bxg4 15. a3
Bxc3 16. bxc3 Nc6 17. Qe1 Rh7 18. f5 gxf5 19. exf5 Ne5 20. Nf4 Qc6+ 21. Qe4 Bf3+
22. Rxf3 Qxe4 23. dxe4 Nxf3 24. Kg2 Ne5 25. Nd5 Kd7 26. Bg5 Rg8 {White resigns}
0-1

[Event "Team 45 45 League T55"]
[Site "Internet Chess Club"]
[Date "2012.12.16"]
[Round "5"]
[White "parrot9"]
[Black "losscause"]
[Result "1/2-1/2"]
[WhiteElo "1707"]
[BlackElo "1576"]
[Opening "Caro-Kann: Steinitz variation"]
[ECO "B17"]
[Time "11:06:07"]
[TimeControl "2700+45"]

1. e4 c6 2. d4 d5 3. Nc3 dxe4 4. Nxe4 Nd7 5. Nf3 Ngf6 6. Nxf6+ Nxf6 7. Bd3 Bg4
8. c3 e6 9. O-O Qc7 10. h3 Bh5 11. Bg5 Be7 12. Qe2 h6 13. Bh4 Nd5 14. Bg3 Bd6
15. Bxd6 Qxd6 16. Qe5 {Game drawn by mutual agreement} 1/2-1/2

[Event "Team 45 45 League T55"]
[Site "Internet Chess Club"]
[Date "2012.12.15"]
[Round "5"]
[White "stile"]
[Black "Sir-Sinister"]
[Result "1-0"]
[WhiteElo "1819"]
[BlackElo "2001"]
[Opening "two knights: Max Lange attack"]
[ECO "C55"]
[Time "16:00:08"]
[TimeControl "2700+45"]

1. e4 Nc6 2. Nf3 e5 3. Bc4 Nf6 4. d4 exd4 5. O-O Bc5 6. e5 d5 7. exf6 dxc4 8.
Re1+ Be6 9. Ng5 Qxf6 10. Nxe6 fxe6 11. Qh5+ Qf7 12. Qxc5 e5 13. Nd2 Rf8 14. Ne4
O-O-O 15. a4 Rd5 16. Qxc4 Na5 17. Qe2 Nc6 18. Ra3 Kb8 19. Rf3 {Black resigns}
1-0

[Event "Team 45 45 League T55"]
[Site "Internet Chess Club"]
[Date "2012.12.16"]
[Round "5"]
[White "Bonneville"]
[Black "barbak"]
[Result "1/2-1/2"]
[WhiteElo "2003"]
[BlackElo "1999"]
[Opening "Dunst (Sleipner, Heinrichsen) opening"]
[ECO "A00"]
[Time "15:11:23"]
[TimeControl "2700+45"]

1. Nc3 d5 2. Nf3 Nf6 3. d4 Bf5 4. e3 e6 5. Bd3 Bg6 6. O-O c5 7. Bd2 Nc6 8. Qe2
Bh5 9. Bb5 cxd4 10. exd4 Be7 11. Bxc6+ bxc6 12. Qd3 Bg6 13. Qe2 Bh5 14. Qd3 Bg6
15. Qe2 Bh5 {Game drawn by repetition} 1/2-1/2

[Event "Team 45 45 League T55"]
[Site "Internet Chess Club"]
[Date "2012.12.15"]
[Round "5"]
[White "Inquisiteur"]
[Black "infiniteshug"]
[Result "1-0"]
[WhiteElo "1738"]
[BlackElo "1807"]
[Opening "Caro-Kann: Panov-Botvinnik attack, 5...e6"]
[ECO "B14"]
[Time "11:00:36"]
[TimeControl "2700+45"]

1. e4 c6 2. d4 d5 3. exd5 cxd5 4. c4 Nf6 5. Nc3 e6 6. Nf3 Be7 7. Bf4 O-O 8. c5
b6 9. b4 a5 10. Na4 Nbd7 11. Bd3 axb4 12. c6 Ba6 13. Bxa6 Rxa6 14. cxd7 Qxd7 15.
Nb2 Rfa8 16. O-O Ne4 17. Ne5 Qb7 18. Nbd3 Rxa2 19. Rxa2 Rxa2 20. Nc1 Nc3 21. Qf3
Ra3 22. Bd2 Ne4 23. Qxf7+ Kh8 24. Qe8+ Bf8 25. Qxf8# {Black checkmated} 1-0

[Event "Team 45 45 League T55"]
[Site "Internet Chess Club"]
[Date "2012.12.15"]
[Round "5"]
[White "TooStrongForYou"]
[Black "adypady"]
[Result "1-0"]
[WhiteElo "2037"]
[BlackElo "1892"]
[Opening "Sicilian: Hungarian variation"]
[ECO "B73"]
[Time "19:17:33"]
[TimeControl "2700+45"]

1. e4 c5 2. Nf3 g6 3. d4 cxd4 4. Nxd4 Bg7 5. Nc3 Nc6 6. Be3 Nf6 7. Be2 O-O 8.
O-O d6 9. f3 Bd7 10. Nxc6 bxc6 11. Qd2 Qc7 12. Rad1 Rab8 13. b3 Rfd8 14. Bc4 Be8
15. Qf2 Qa5 16. Bd2 Qb6 17. Be3 Qa5 18. Na4 Rb7 19. Bd2 Qc7 20. Qe1 Nd7 21. Bc3
Nb6 22. Bxg7 Kxg7 23. Qc3+ Kg8 24. Nb2 Nxc4 25. Nxc4 d5 26. Ne3 Qb6 27. exd5
cxd5 28. Qd4 Qxd4 29. Rxd4 Bc6 30. c4 e5 31. Rdd1 d4 32. Ng4 Re7 33. Rfe1 e4 34.
fxe4 Kg7 35. e5 Bb7 36. Nf6 Re6 37. Kf2 Ra6 38. Rd2 Re6 39. Nd5 Bxd5 40. Rxd4
Ra6 41. cxd5 Rxa2+ 42. Re2 Ra5 43. d6 Rd7 44. b4 Rb5 45. Rc4 Rbb7 46. Rec2 Rb5
47. Rc7 Rd8 48. Rc8 Rxc8 49. Rxc8 Rd5 50. Rc5 Rd4 51. Ke3 Rd1 52. Ke4 {Black
resigns} 1-0

[Event "Team 45 45 League T55"]
[Site "Internet Chess Club"]
[Date "2012.12.16"]
[Round "5"]
[White "The7thGuest"]
[Black "gaibo4ever"]
[Result "0-1"]
[WhiteElo "1963"]
[BlackElo "2034"]
[Opening "Trompowsky attack (Ruth, Opocenský opening)"]
[ECO "A45"]
[Time "14:01:19"]
[TimeControl "2700+45"]

1. d4 Nf6 2. Bg5 d5 3. Bxf6 exf6 4. e3 Bd6 5. g3 c6 6. Bg2 Nd7 7. Ne2 f5 8. O-O
Nf6 9. b3 O-O 10. c4 Be6 11. Qd3 Ne4 12. f3 Nf6 13. Nbc3 Re8 14. cxd5 Nxd5 15.
Nxd5 Bxd5 16. e4 Be6 17. Nc3 Qa5 18. d5 Rad8 19. Kh1 Be5 20. Rac1 f4 21. gxf4
Bxf4 22. Rc2 cxd5 23. Nxd5 Bxd5 24. exd5 Rxd5 25. Qc4 g5 26. b4 Qd8 27. Bh3 Qd6
28. a3 Rd2 29. Bg2 Rxc2 30. Qxc2 Bxh2 31. f4 Bxf4 32. Qf5 Qh6+ 33. Bh3 Re3
{White resigns} 0-1

[Event "Team 45 45 League T55"]
[Site "Internet Chess Club"]
[Date "2012.12.14"]
[Round "5"]
[White "lasker25"]
[Black "DaPaz"]
[Result "0-1"]
[WhiteElo "1901"]
[BlackElo "1962"]
[Opening "KGA: Abbazia defense, modern variation"]
[ECO "C36"]
[Time "19:00:39"]
[TimeControl "2700+45"]

1. e4 e5 2. f4 exf4 3. Nf3 d5 4. exd5 Nf6 5. Be2 Nxd5 6. O-O c5 7. d4 cxd4 8.
Nxd4 Bc5 9. Kh1 O-O 10. Nc3 Ne3 11. Bxe3 fxe3 12. Nb3 Bb6 13. Nd5 Nc6 14. c4 Be6
15. Nf4 Qe7 16. Nxe6 Qxe6 17. c5 Bc7 18. Rf3 Rad8 19. Qg1 Rfe8 20. Rc1 Re7 21.
Rc3 Qh6 22. Rh3 Qf6 23. Rhxe3 Rxe3 24. Qxe3 Qh4 25. g3 Qh3 26. Rd3 Qc8 27. Rxd8+
Qxd8 28. Qe4 g6 29. Kg1 Kg7 30. Kg2 Qf6 31. Qc2 Be5 32. Bf3 Bxb2 33. Bxc6 Qxc6+
34. Kg1 Bf6 35. Qd2 b6 36. cxb6 axb6 37. Qd3 b5 38. Qe2 h5 39. Qd2 Qe4 40. Qf2
h4 41. gxh4 Qg4+ 42. Kf1 Qc4+ 43. Qe2 Qd5 44. Qf2 Qh1+ 45. Ke2 Qe4+ 46. Kf1 b4
47. Kg1 Qg4+ 48. Kf1 Qh3+ 49. Ke2 Bxh4 50. Qd4+ Bf6 51. Qf2 Be5 {White resigns}
0-1

[Event "Team 45 45 League T55"]
[Site "Internet Chess Club"]
[Date "2012.12.13"]
[Round "5"]
[White "FlyingTiger"]
[Black "JWB"]
[Result "1-0"]
[WhiteElo "1733"]
[BlackElo "1647"]
[Opening "Scotch gambit: Dubois-Réti defense"]
[ECO "C55"]
[Time "09:01:28"]
[TimeControl "2700+45"]

1. e4 e5 2. Nf3 Nc6 3. d4 exd4 4. Bc4 Nf6 5. e5 d5 6. Bb5 Ne4 7. Nxd4 Bd7 8.
Bxc6 bxc6 9. O-O Be7 10. f3 Nc5 11. f4 Ne6 12. Nxe6 Bxe6 13. f5 Bc5+ 14. Kh1 Bc8
15. Qg4 g6 16. e6 Qe7 17. fxg6 Bxe6 18. gxf7+ Qxf7 19. Qe2 Qe7 20. Bg5 Qd7 21.
Rf6 O-O-O 22. Qxe6 Rhe8 23. Qxd7+ Rxd7 24. Rf1 Re2 25. Nc3 Rxc2 26. Rac1 Rxb2
27. Na4 Rxa2 28. Nxc5 Rg7 29. Rf8# {Black checkmated} 1-0

[Event "Team 45 45 League T55"]
[Site "Internet Chess Club"]
[Date "2012.12.16"]
[Round "5"]
[White "burnsy"]
[Black "julesraider"]
[Result "1-0"]
[WhiteElo "1527"]
[BlackElo "1562"]
[Opening "English opening"]
[ECO "E62"]
[Time "21:06:55"]
[TimeControl "2700+45"]

1. Nf3 Nf6 2. c4 g6 3. Nc3 Bg7 4. g3 O-O 5. d4 d6 6. e4 Nbd7 7. Bg2 e5 8. d5 c6
9. Bg5 Nc5 10. b4 Na6 11. a3 Nc7 12. O-O h6 13. Bd2 cxd5 14. cxd5 Nh5 15. Qc1
Kh7 16. Nh4 Bd7 17. Bf3 Nf6 18. Bg2 Rc8 19. a4 Na6 20. b5 Nc5 21. Qb1 Ng8 22.
Nd1 f5 23. exf5 gxf5 24. Bh3 Qf6 25. Re1 Ne7 26. Ne3 Ne4 27. Bb4 Kh8 28. Qa2 Ng5
29. Bg2 f4 30. Nc4 Nh3+ 31. Bxh3 Bxh3 32. Bxd6 fxg3 33. hxg3 Qg5 34. Bxe7 Qxe7
35. Ng6+ Kh7 36. Nxe7 Rc7 37. Qc2+ Bf5 38. Nxf5 Rcf7 39. Nfd6+ {Black resigns}
1-0

[Event "Team 45 45 League T55"]
[Site "Internet Chess Club"]
[Date "2012.12.15"]
[Round "5"]
[White "rayngrant"]
[Black "Berke"]
[Result "0-1"]
[WhiteElo "1554"]
[BlackElo "1561"]
[Opening "French: Fort Knox variation"]
[ECO "C10"]
[Time "07:05:27"]
[TimeControl "2700+45"]

1. e4 e6 2. d4 d5 3. Nc3 dxe4 4. Nxe4 Bd7 5. Nf3 Bc6 6. Bd3 Nd7 7. c4 Bxe4 8.
Bxe4 c6 9. Qb3 Ngf6 10. Bg5 Qa5+ 11. Bd2 Qb6 12. Qxb6 axb6 13. Bd3 Bd6 14. O-O
O-O 15. Rfe1 c5 16. Bc3 Rfd8 17. a3 Ra7 18. Rad1 Raa8 19. Nd2 h6 20. Ne4 Nxe4
21. Bxe4 Ra4 22. Bxb7 Rxc4 23. Ba6 Ra4 24. Bb5 Ra7 25. g3 Be7 26. f4 Nf6 27. Bc4
Rad7 28. Bb5 Rd6 29. Bc4 Kf8 30. Kg2 Nd5 31. Bxd5 exd5 32. Kf3 Re6 33. Rxe6 fxe6
34. Re1 Kf7 35. g4 g6 36. h3 c4 37. Kg3 Bd6 38. Kf3 Re8 39. h4 Re7 40. g5 h5 41.
Ra1 b5 42. Rb1 Rc7 43. Ba5 Ra7 44. Bd8 Ra8 45. Bf6 Ra7 46. Be5 Be7 47. Ke3 b4
48. axb4 Bxb4 49. Ke2 Ra2 50. Kd1 Ra7 51. Kc2 Ra2 52. Bc7 c3 53. Kb3 Rxb2+ 54.
Rxb2 cxb2 55. Kxb2 Be1 56. Kc2 Bxh4 57. Kd2 Bf2 58. Be5 Ke7 59. Ke2 Bh4 60. Bb8
Kd7 61. Be5 Kc6 62. Bf6 Kb5 63. Be5 Kc4 64. Bf6 Bg3 65. Be5 h4 66. Kf3 Kd3 67.
Bf6 Be1 68. Kg4 Ke4 69. Be5 Bc3 70. Kxh4 Bxd4 71. Bxd4 Kxd4 72. Kg4 Ke3 73. Kg3
d4 {White resigns} 0-1

[Event "Team 45 45 League T55"]
[Site "Internet Chess Club"]
[Date "2012.12.15"]
[Round "5"]
[White "xt"]
[Black "badmove"]
[Result "1-0"]
[WhiteElo "1663"]
[BlackElo "1686"]
[Opening "Giuoco Piano"]
[ECO "C54"]
[Time "17:03:23"]
[TimeControl "2700+45"]

1. e4 e5 2. Nf3 Nc6 3. Bc4 Bc5 4. c3 Nf6 5. d4 exd4 6. cxd4 Bb4+ 7. Bd2 Bxd2+ 8.
Nbxd2 d5 9. exd5 Nxd5 10. O-O O-O 11. Rc1 Nf4 12. Ne4 Bg4 13. Qb3 Nxd4 14. Nxd4
Qxd4 15. Ng5 Qf6 16. Nxf7 Rxf7 17. Bxf7+ Qxf7 18. Qxf7+ Kxf7 19. Rxc7+ Kf6 20.
Rxb7 Be6 21. a3 Nxg2 22. Rb4 Bd5 23. Rd1 Ke5 24. Rxd5+ Kxd5 25. Kxg2 Ke6 26. Rb7
Kf6 27. a4 h6 28. a5 g5 29. a6 Kf5 30. b4 h5 31. Kf3 Ke5 32. Ke3 Kd5 33. Rb5+
Kc4 34. Rxg5 Kxb4 35. Rxh5 Re8+ 36. Kd4 Re6 37. Rh7 Rxa6 38. Rb7+ Ka5 39. Kc5
Ka4 40. f4 Ra5+ 41. Kd4 a6 42. Ke4 Rh5 43. Rb2 Ka3 44. Rf2 a5 45. f5 Kb3 46. f6
a4 47. f7 Rh8 48. f8=Q {Black resigns} 1-0

[Event "Team 45 45 League T55"]
[Site "Internet Chess Club"]
[Date "2012.12.14"]
[Round "5"]
[White "ILRE"]
[Black "latayvia"]
[Result "0-1"]
[WhiteElo "1548"]
[BlackElo "1756"]
[Opening "English, 1...Nf6 (Anglo-Indian defense)"]
[ECO "A15"]
[Time "11:45:10"]
[TimeControl "2700+45"]

1. c4 Nf6 2. g3 c6 3. Bg2 e5 4. Nc3 d5 5. d3 dxc4 6. dxc4 Qc7 7. Nf3 Be7 8. O-O
O-O 9. e4 Be6 10. b3 Bb4 11. Bb2 Nbd7 12. Qc2 Bg4 13. a3 Be7 14. Rfe1 Rfe8 15.
Nd1 Rad8 16. Ne3 Bf8 17. Nxg4 Nxg4 18. h3 Ngf6 19. Rad1 Qb6 20. Re2 a5 21. Nh4
Nc5 22. Rxd8 Rxd8 23. Bxe5 Qxb3 24. Bxf6 Qxc2 25. Rxc2 Rd1+ 26. Kh2 gxf6 27. Nf5
a4 28. Bf3 Rd3 29. Bg2 Nb3 30. h4 Rd2 31. Rxd2 Nxd2 32. Ne3 Bxa3 33. Kh3 Bb2 34.
f4 a3 35. e5 fxe5 36. fxe5 a2 37. Nc2 Nxc4 38. e6 fxe6 39. Bf1 a1=Q 40. Nxa1
Bxa1 41. Bxc4 Kf7 42. Bd3 h6 43. Kg4 Ke7 44. Kh5 Bg7 45. Kg6 Bf8 46. g4 b5 47.
g5 hxg5 48. Kxg5 Kd6 49. h5 Ke5 50. h6 Bxh6+ 51. Kxh6 Kd4 52. Bf1 b4 53. Kg6 b3
54. Bh3 b2 {White resigns} 0-1

[Event "Team 45 45 League T55"]
[Site "Internet Chess Club"]
[Date "2012.12.16"]
[Round "5"]
[White "gandre"]
[Black "PaulRichard"]
[Result "1-0"]
[WhiteElo "1817"]
[BlackElo "1516"]
[Opening "Queen's pawn"]
[ECO "A40"]
[Time "17:00:09"]
[TimeControl "2700+45"]

1. d4 e6 2. Nf3 Nf6 3. Bf4 c5 4. c3 cxd4 5. cxd4 b5 6. e3 a6 7. Bd3 Bb7 8. Nbd2
Nc6 9. a3 Be7 10. h3 Qb6 11. O-O Rc8 12. Rc1 O-O 13. Qe2 h6 14. Rfd1 Rfd8 15.
Bc2 d6 16. Bh2 Bf8 17. Nb3 a5 18. Nbd2 Ba6 19. Bd3 a4 20. Nb1 Ra8 21. e4 d5 22.
e5 Nd7 23. Nc3 Rdb8 24. Nxd5 exd5 25. e6 Nf6 26. exf7+ Kxf7 27. Rxc6 Re8 28.
Rxb6 Rxe2 29. Bxe2 Nd7 30. Ne5+ Nxe5 31. dxe5 Bc5 32. Rc6 Be7 33. Bf3 {Black
resigns} 1-0

[Event "Team 45 45 League T55"]
[Site "Internet Chess Club"]
[Date "2012.12.17"]
[Round "5"]
[White "houseofcook"]
[Black "Megasus"]
[Result "1-0"]
[WhiteElo "1512"]
[BlackElo "1530"]
[Opening "Sicilian: Grand Prix attack"]
[ECO "B23"]
[Time "13:00:23"]
[TimeControl "2700+45"]

1. e4 c5 2. Nc3 Nc6 3. f4 e6 4. Nf3 a6 5. g3 Nf6 6. Bg2 Rb8 7. d3 b5 8. e5 Ng4
9. O-O Qb6 10. Kh1 Bb7 11. h3 Nh6 12. g4 g6 13. Ne4 Ng8 14. Be3 Nd4 15. Nxd4
cxd4 16. Bf2 Be7 17. c3 Bc5 18. b4 Be7 19. Bxd4 Qc7 20. Rc1 Qd8 21. Nd6+ Bxd6
22. Bxb7 Rxb7 23. exd6 f6 24. Qf3 Rb8 25. g5 Kf7 26. Rce1 h5 27. h4 Rh7 28. Bc5
Qc8 29. d4 Ke8 30. f5 gxf5 31. Qxf5 Rg7 32. gxf6 Nxf6 33. Qxf6 Qb7+ 34. Rf3
{Black resigns} 1-0

[Event "Team 45 45 League T55"]
[Site "Internet Chess Club"]
[Date "2012.12.17"]
[Round "5"]
[White "Chess-Dream"]
[Black "Matusalen"]
[Result "1/2-1/2"]
[WhiteElo "2107"]
[BlackElo "2171"]
[Opening "English: symmetrical, Botvinnik system reversed"]
[ECO "A30"]
[Time "19:01:14"]
[TimeControl "2700+45"]

1. Nf3 c5 2. c4 Nc6 3. Nc3 e5 4. g3 g6 5. Bg2 Bg7 6. O-O Nge7 7. a3 O-O 8. Rb1
a5 9. d3 d6 10. Bd2 Rb8 11. Ne1 Be6 12. Nc2 d5 13. cxd5 Nxd5 14. Ne3 Nxe3 15.
Bxe3 Nd4 16. b4 {Game drawn by mutual agreement} 1/2-1/2

[Event "Team 45 45 League T55"]
[Site "Internet Chess Club"]
[Date "2012.12.16"]
[Round "5"]
[White "przechrzczony"]
[Black "kubiyak"]
[Result "1-0"]
[WhiteElo "2032"]
[BlackElo "1755"]
[Opening "King's Indian: Sämisch, 5...O-O"]
[ECO "E81"]
[Time "08:41:43"]
[TimeControl "2700+45"]

1. e4 g6 2. d4 Bg7 3. c4 d6 4. Nc3 Nf6 5. f3 O-O 6. Bg5 c5 7. Nge2 Nbd7 8. Qd2
a6 9. d5 Ne5 10. Ng3 Re8 11. f4 Ned7 12. Be2 h6 13. Bh4 Nh7 14. O-O Bd4+ 15. Kh1
f6 16. Bg4 g5 17. fxg5 hxg5 18. Nf5 gxh4 19. Qh6 {Black resigns} 1-0

[Event "Team 45 45 League T55"]
[Site "Internet Chess Club"]
[Date "2012.12.16"]
[Round "5"]
[White "chess123"]
[Black "bobhill"]
[Result "0-1"]
[WhiteElo "1789"]
[BlackElo "1958"]
[Opening "Levitsky attack (Queen's bishop attack)"]
[ECO "D00"]
[Time "22:06:14"]
[TimeControl "2700+45"]

1. d4 d5 2. Bg5 Nf6 3. Nd2 Bf5 4. Ngf3 Nbd7 5. e3 c6 6. c4 e6 7. a3 a5 8. Be2
Be7 9. O-O O-O 10. c5 b6 11. b4 b5 12. Nh4 Ne4 13. Bxe7 Qxe7 14. Nxf5 exf5 15.
Qc2 Rfe8 16. Nb3 a4 17. Na5 Rac8 18. Bd3 Ndf6 19. Rae1 g6 20. f3 Ng5 21. h4 Ne6
22. Qf2 Kg7 23. Qc2 Nh5 24. Qf2 Qc7 25. f4 Nf6 26. g3 Nf8 27. Qe2 Ne4 28. Rf3
Nd7 29. Qc2 Ndf6 30. Re2 Ng4 31. Re1 Re6 32. Qg2 Rce8 33. Qe2 Qe7 34. Rc1 Nef6
35. Nxc6 Rxc6 36. Bxb5 Re6 37. Bxe8 Qxe8 38. Re1 Ne4 39. Qd3 Qd8 40. Kg2 h6 41.
b5 Qa5 42. Re2 Nc3 43. Rb2 Nxb5 44. Qxb5 Qc3 45. Qb4 Nxe3+ 46. Kh3 Qc1 47. Rb1
Qc2 48. Rb2 Qd1 49. Rxe3 Rxe3 50. Qd2 Qg4+ 51. Kg2 Rxg3+ 52. Kf1 Rg1+ 53. Kf2
Qg3+ 54. Ke2 Rg2+ 55. Kd1 Rxd2+ 56. Rxd2 Qxa3 57. c6 Qc3 58. Rc2 Qxd4+ 59. Kc1
Qxf4+ 60. Kb2 Qc7 61. Ka3 g5 62. hxg5 hxg5 63. Kxa4 Kf6 64. Kb5 Ke5 65. Kc5 Qa5#
{White checkmated} 0-1

[Event "Team 45 45 League T55"]
[Site "Internet Chess Club"]
[Date "2012.12.15"]
[Round "5"]
[White "alexping"]
[Black "justice02"]
[Result "1-0"]
[WhiteElo "1961"]
[BlackElo "1692"]
[Opening "QGD Slav: Soultanbéieff variation"]
[ECO "D16"]
[Time "23:05:52"]
[TimeControl "2700+45"]

1. d4 d5 2. c4 c6 3. Nf3 Nf6 4. Nc3 dxc4 5. a4 e6 6. Bg5 Be7 7. e3 h6 8. Bxf6
Bxf6 9. Bxc4 Nd7 10. a5 O-O 11. O-O Be7 12. Qe2 Bb4 13. a6 bxa6 14. Bxa6 Bxa6
15. Rxa6 Qc7 16. Qc4 Nb8 17. Ra4 a5 18. Rd1 Nd7 19. Qd3 Rfb8 20. Qc2 Rb6 21. Nd2
Nf6 22. Nc4 Rbb8 23. Ne4 Nxe4 24. Qxe4 Bd6 25. Nxd6 Qxd6 26. Qc2 Rb4 27. Rda1
Rab8 28. R1a2 Rxa4 29. Rxa4 Rb5 30. Rc4 Rb6 31. g3 f5 32. Rc5 Ra6 33. Qc4 Rb6
34. Qa2 Rb5 35. Rxb5 cxb5 36. Qxa5 Qc6 37. Qc3 Qe4 38. Qd2 g5 39. h3 h5 40. Qe2
g4 41. hxg4 hxg4 42. Qxb5 Qb1+ 43. Kg2 Qe4+ 44. Kh2 Qc2 45. Qb8+ Kf7 46. Qb7+
Kf6 47. Kg2 Qa4 48. b4 Qd1 49. Qc6 Qd3 50. b5 Ke7 51. b6 {Black resigns} 1-0

[Event "Team 45 45 League T55"]
[Site "Internet Chess Club"]
[Date "2012.12.15"]
[Round "5"]
[White "BigH"]
[Black "Ptzz"]
[Result "1/2-1/2"]
[WhiteElo "2130"]
[BlackElo "2131"]
[Opening "English opening"]
[ECO "A05"]
[Time "06:00:06"]
[TimeControl "2700+45"]

1. Nf3 Nf6 2. c4 c6 3. g3 d5 4. Bg2 g6 5. b3 Bg7 6. Bb2 O-O 7. O-O Bg4 8. d3
Bxf3 9. Bxf3 e6 10. Nd2 Ne8 11. Qc2 Bxb2 12. Qxb2 Qf6 13. Qxf6 Nxf6 14. cxd5
exd5 15. b4 Nbd7 16. d4 Nb6 17. e3 Na4 18. Nb3 Nb2 19. Be2 b5 20. Nc5 a5 21. a3
Ra7 22. Nb3 axb4 23. axb4 Rfa8 24. Rxa7 Rxa7 25. Ra1 Rxa1+ 26. Nxa1 Kf8 27. f3
Na4 28. Kf2 Ne8 29. e4 Nc7 30. Ke3 Ke7 31. Kd3 Kd6 32. e5+ Kd7 33. f4 Nb2+ 34.
Kc3 Nc4 35. Nb3 h5 36. Bf1 Ne6 37. Bh3 Ne3 38. Kd3 Ng4 39. Bxg4 hxg4 40. Nc1 Nc7
41. Ne2 Na6 42. Kc3 Ke6 43. Kb3 Kf5 44. Nc3 Nc7 45. Kc2 Na6 46. Kb3 Nc7 47. Kc2
Ne6 48. Kd3 g5 49. fxg5 Nxg5 50. Ke3 Ne6 51. Ne2 Nc7 52. Nc1 Na6 53. Nd3 Kg5 54.
Kd2 Kf5 55. Ke3 Nc7 56. Nc5 Kg5 {Game drawn by mutual agreement} 1/2-1/2

[Event "Team 45 45 League T55"]
[Site "Internet Chess Club"]
[Date "2012.12.16"]
[Round "5"]
[White "Jack-ONeill"]
[Black "lacibacsi"]
[Result "1/2-1/2"]
[WhiteElo "2034"]
[BlackElo "2033"]
[Opening "Trompowsky attack (Ruth, Opocenský opening)"]
[ECO "A45"]
[Time "03:10:53"]
[TimeControl "2700+45"]

1. d4 Nf6 2. Bg5 g6 3. Bxf6 exf6 4. c4 Bg7 5. e3 O-O 6. Nc3 d6 7. g3 h5 8. h4 c6
9. Bg2 Nd7 10. Nge2 Re8 11. O-O Nb6 12. Qb3 Qe7 13. Rac1 Bg4 14. a4 Rab8 15. a5
Nd7 16. Qa3 a6 17. Rfe1 g5 18. hxg5 fxg5 19. Ne4 c5 20. dxc5 dxc5 21. N2c3 Ne5
22. Nd5 Qd8 23. Nd2 h4 24. f4 Nc6 25. Ne4 gxf4 26. Nxf4 Ne5 27. Rf1 {Game drawn
by mutual agreement} 1/2-1/2

[Event "Team 45 45 League T55"]
[Site "Internet Chess Club"]
[Date "2012.12.17"]
[Round "5"]
[White "Greedy-Reedy"]
[Black "PandorasBox"]
[Result "1-0"]
[WhiteElo "1960"]
[BlackElo "1903"]
[Opening "French: Steinitz, Boleslavsky variation"]
[ECO "C11"]
[Time "14:03:16"]
[TimeControl "2700+45"]

1. e4 e6 2. d4 d5 3. Nc3 Nf6 4. e5 Nfd7 5. f4 c5 6. Nf3 Nc6 7. Be3 a6 8. Qd2 b5
9. dxc5 Bxc5 10. Bxc5 Nxc5 11. Qf2 Qb6 12. Bd3 b4 13. Ne2 Nxd3+ 14. cxd3 Qb5 15.
Qe3 Bd7 16. O-O O-O 17. d4 Ne7 18. g4 Rfc8 19. Rfc1 Rxc1+ 20. Rxc1 Rc8 21. Rxc8+
Nxc8 22. b3 Qc6 23. Qd3 Na7 24. Ng5 g6 25. Qh3 Kf8 26. Nxh7+ Ke8 27. Qh6 Kd8 28.
Qf8+ Kc7 29. Qxb4 Nb5 30. a4 Qc2 31. Kf2 Na7 32. Qd6+ Kd8 33. Nf6 Qc6 34. Qf8+
Be8 35. h4 Nc8 36. h5 gxh5 37. gxh5 Ne7 38. Kg2 Nf5 39. Kg1 Nxd4 40. Nxd4 Qc1+
41. Kg2 Qd2+ 42. Kh3 Qe3+ 43. Kg4 Qg1+ 44. Kh4 Qf2+ 45. Kg5 Qg1+ 46. Kh6 Qxd4
47. Qxe8+ Kc7 48. Qxf7+ Kb8 49. Qe8+ Ka7 50. Qd7+ Kb8 51. Qd6+ Ka7 52. Qe7+ Ka8
53. Qf8+ Ka7 54. Nd7 Kb7 55. b4 Qb2 56. Qb8+ Kc6 57. Qd6+ Kb7 58. Nc5+ {Black
resigns} 1-0

[Event "Team 45 45 League T55"]
[Site "Internet Chess Club"]
[Date "2012.12.16"]
[Round "5"]
[White "Holzschlange"]
[Black "Dracoac"]
[Result "1-0"]
[WhiteElo "1834"]
[BlackElo "1766"]
[Opening "Caro-Kann: Goldman (Spielmann) variation"]
[ECO "B11"]
[Time "12:02:15"]
[TimeControl "2700+45"]

1. e4 c6 2. Nc3 d5 3. Qf3 e6 4. exd5 cxd5 5. d4 Nc6 6. Bb5 Nf6 7. Nge2 Be7 8.
Qg3 Bf8 9. f4 Qb6 10. Be3 a6 11. Bd3 Nb4 12. Bd2 Bd7 13. O-O Rc8 14. Rae1 Nxd3
15. Qxd3 Bb4 16. Kh1 O-O 17. f5 exf5 18. Ng3 Bxc3 19. bxc3 Bb5 20. Qxf5 Bxf1 21.
Rxf1 Qe6 22. Qg5 Ne4 23. Nxe4 Qxe4 24. h3 Rc6 25. Qg3 Rg6 26. Qf2 Rf6 27. Qg1
Rxf1 28. Qxf1 Qxc2 29. Bf4 Qxc3 30. Bd6 Re8 31. Qf4 Qa1+ 32. Kh2 Qxa2 33. Qg3 a5
34. Be5 f6 35. Bxf6 g6 36. Qc7 Qxg2+ 37. Kxg2 Re2+ 38. Kf3 Re7 39. Qxe7 h5 40.
Kf4 g5+ 41. Kxg5 h4 42. Kg6 a4 43. Bxh4 b5 44. Be1 b4 45. Bxb4 a3 46. Qh7#
{Black checkmated} 1-0